 Dungeon Crawl Stone Soup version 0.28.0 (webtiles) character file.

Game seed: 9237218426965886069

956 browni3141 the Skirmisher (level 7, 0/66 HPs)
             Began as a Minotaur Fighter on Feb 18, 2022.
             Slain by an unseen horror (8 damage)
             ... on level 5 of the Dungeon.
             The game lasted 00:04:12 (5757 turns).

browni3141 the Skirmisher (Minotaur Fighter)        Turns: 5757, Time: 00:04:13

Health: 0/66       AC: 11    Str: 23    XL:     7   Next: 91%
Magic:  6/6        EV:  7    Int:  5    God:
Gold:   33         SH:  5    Dex:  9    Spells: 6/6 levels left

rFire   . . .      SeeInvis .   a - +0 war axe
rCold   . . .      Faith    +   c - +0 buckler
rNeg    . . .      Spirit   .   i - +0 chain mail
rPois   +          Reflect  .   (helmet restricted)
rElec   .          Harm     .   l - +0 cloak
rCorr   .          Rampage  .   (no gloves)
Will    .....                   (no boots)
Stlth   ..........              H - amulet of faith {!P}
HPRegen 0.21/turn               P - ring of poison resistance {@f3}
MPRegen 0.10/turn               (no ring)

@: no status effects
A: horns 2, retaliatory headbutt
a: no special abilities


You were on level 5 of the Dungeon.
You visited 2 branches of the dungeon, and saw 6 of its levels.

You collected 181 gold pieces.
You spent 148 gold pieces at shops.


Innate Abilities, Weirdness & Mutations

You have a pair of horns on your head.
You reflexively headbutt those who attack you in melee.


   Skills:
 * Level 7.2 Fighting
 * Level 6.7 Axes
 + Level 5.7 Armour
 + Level 5.7 Shields


You had 6 spell levels left.
You didn't know any spells.
Your spell library contained the following spells:

 Spells                   Type           Power      Damage    Failure   Level
 Sandblast                Erth           0%         2d4       99%         1
 Ensorcelled Hibernation  Hex/Ice        0%         N/A       100%        2
 Passwall                 Tmut/Erth      0%         N/A       100%        2
 Call Canine Familiar     Summ           0%         N/A       100%        3
 Conjure Flame            Conj/Fire      0%         6-21      100%        3
 Gell's Gravitas          Tloc           0%         N/A       100%        3
 Ignite Poison            Fire/Tmut/Pois 0%         N/A       100%        3
 Lesser Beckoning         Tloc           0%         N/A       100%        3
 Portal Projectile        Hex/Tloc       0%         N/A       100%        3
 Stone Arrow              Conj/Erth      0%         3d7       100%        3
 Swiftness                Air            0%         N/A       100%        3
 Teleport Other           Tloc           0%         N/A       100%        3
 Leda's Liquefaction      Hex/Erth       0%         N/A       100%        4
 Sticky Flame             Conj/Fire      0%         2d3       100%        4

Inventory:

Hand Weapons
 a - a +0 war axe (weapon)
Armour
 b - a +0 scale mail
 c - a +0 buckler (worn)
 i - a +0 chain mail (worn)
 l - a +0 cloak (worn)
Jewellery
 H - an amulet of faith (around neck) {!P}
 P - a ring of poison resistance (left hand) {@f3}
Scrolls
 g - 2 scrolls of teleportation {@r4}
 j - a scroll of enchant armour
 m - a scroll of magic mapping
 n - a scroll of noise {!r}
 p - a scroll of enchant weapon {unknown}
 q - 2 scrolls of blinking {@r3}
 r - 3 scrolls of amnesia {unknown}
Potions
 d - a potion of might
 e - 3 potions of heal wounds {unknown}
 f - 2 potions of resistance {unknown}
 h - a potion of lignification {unknown}
 k - a potion of brilliance {unknown}
 o - a potion of attraction {unknown}

Dungeon Overview and Level Annotations

Branches:
Dungeon (5/15)             Temple (1/1) D:5

Altars:
Ashenzari
Cheibriados
Dithmenos
Elyvilon
Fedhas
Hepliaklqana
Kikubaaqudgha
Nemelex Xobeh
Qazlal
Ru
Sif Muna
Uskayaw
Vehumet
Wu Jian
Xom
Yredelemnul
The Shining One

Shops:
D:1 (   D:3 :   D:4 ?

Annotations:
D:5 1 transporter, spaghetti's ghost, weakling NaDe

###########
#....@....#
#.######.##
#.# #.# #.#
#.# #.# #.#
#.#


There were no monsters in sight!


Message History

Something hits you. Something hits you but does no damage. Something hits you.
Something hits you but does no damage.
You hit something. Something hits you but does no damage. Something hits you!
* * * LOW HITPOINT WARNING * * *
Something hits you.
* * * LOW HITPOINT WARNING * * *
You hit something but do no damage. Something hits you but does no damage.
Something completely misses you.
You hit something. Something hits you.
* * * LOW HITPOINT WARNING * * *
You miss something. Something completely misses you.
Something hits you but does no damage. Something hits you but does no damage.
You slash something! Something hits you but does no damage. Something hits you.
* * * LOW HITPOINT WARNING * * *
Something hits you but does no damage.
Something hits you but does no damage. x2
You barely miss something. Something hits you!
* * * LOW HITPOINT WARNING * * *
You slash something! Something hits you but does no damage. Something hits you.
* * * LOW HITPOINT WARNING * * *
Something hits you but does no damage.
You hit something but do no damage. You block something's attack.
Something hits you but does no damage.
You slash something! Something hits you.
* * * LOW HITPOINT WARNING * * *
Something hits you but does no damage. Something hits you!
You die...

Skill      XL: |  1  2  3  4  5  6  7 |
---------------+----------------------+-----
Fighting       | 4 5 6 7 |  7.2
Axes           | 3 4 5 6 |  6.7
Armour         | 4 5 |  5.7
Shields        | 4 5 |  5.7

Action                   |  1- 3 |  4- 6 |  7- 9 || total
-------------------------+-------+-------+-------++-------
Melee: War axe           |    88 |   130 |    60 ||   278
       Headbutt          |     8 |    15 |     7 ||    30
  Use: Scroll            |       |       |     4 ||     4
       Potion            |       |       |     1 ||     1
Armor: Scale mail        |    36 |    58 |    18 ||   112
       Chain mail        |       |       |    34 ||    34
Dodge: Dodged            |    47 |    61 |    31 ||   139
Block: Buckler           |    18 |    39 |    14 ||    71

Levels and vault maps discovered:
D:1:      wheals_arrival_shading, layout_rooms, shapermc_ecumenical_altar_gd,
          serial_shops, nicolae_shop_bloodbath_and_beyond
D:2:      layout_basic, basic_altar, serial_park_tiny_1, grunt_ministairs_10
D:3:      layout_basic, mainiacjoe_overflow_swirl, serial_shops,
          nicolae_shop_hallway_plus, uniq_robin, uniq_crazy_yiuf_cottage
D:4:      cheibrodos_thug_alley, layout_cave_pools, serial_shops,
          kennysheep_mini
D:5:      layout_basic, nicolae_overflow_crystal_walls,
          minmay_temple_entry_butterflies, gammafunk_ghost_abyssal_escape,
          uniq_pikel, uniq_eustachio, uniq_grinder, uniq_blork_the_orc,
          uniq_sigmund, uniq_edmund
Temple:   regret_index_temple_waves

Notes
Turn   | Place    | Note
-------+----------+-------------------------------------------
     0 | D:1      | browni3141 the Minotaur Fighter began the quest for the
                  | Orb.
     0 | D:1      | Reached XP level 1. HP: 19/19 MP: 0/0
    45 | D:1      | Found Wappy's Weapon Boutique.
   192 | D:1      | Reached skill level 4 in Fighting
   192 | D:1      | Reached skill level 3 in Axes
   192 | D:1      | Reached XP level 2. HP: 27/27 MP: 1/1
   328 | D:1      | Found a faded altar of an unknown god.
   370 | D:1      | Reached XP level 3. HP: 33/33 MP: 2/2
   378 | D:1      | Reached skill level 4 in Armour
   651 | D:2      | Reached skill level 4 in Shields
   992 | D:2      | Found a basalt altar of Yredelemnul.
  1372 | D:2      | Reached XP level 4. HP: 41/41 MP: 3/3
  1374 | D:2      | Identified the +6 whip of Vyubaixt {pain, Will+ Dex+4
                  | Stlth-}
  1801 | D:3      | Found Pyhi Owapn's Book Shoppe.
  1858 | D:3      | Found a hide-covered altar of Uskayaw.
  1935 | D:3      | Found a runed translucent door.
  1936 | D:3      | Noticed Crazy Yiuf
  1999 | D:3      | Found a sparkling altar of Nemelex Xobeh.
  2060 | D:3      | Noticed Robin
  2363 | D:3      | Killed Robin
  2364 | D:3      | Reached skill level 4 in Axes
  2639 | D:3      | Reached XP level 5. HP: 38/47 MP: 4/4
  2952 | D:3      | Killed Crazy Yiuf
  2953 | D:3      | Reached skill level 5 in Fighting
  3220 | D:3      | Reached XP level 6. HP: 39/56 MP: 5/5
  3538 | D:4      | Reached skill level 5 in Axes
  3568 | D:4      | Reached skill level 6 in Fighting
  3568 | D:4      | Reached skill level 5 in Armour
  3626 | D:4      | Reached skill level 5 in Shields
  3877 | D:4      | Reached XP level 7. HP: 63/63 MP: 6/6
  3982 | D:4      | Found Toustimm's Magic Scroll Emporium.
  3985 | D:4      | Bought 2 scrolls of identify for 44 gold pieces
  3988 | D:4      | Bought a scroll of identify for 22 gold pieces
  3988 | D:4      | Bought a scroll of blinking for 82 gold pieces
  4366 | D:5      | Entered Level 5 of the Dungeon
  4366 | D:5      | Noticed Edmund
  4370 | D:5      | Reached skill level 6 in Axes
  4418 | D:4      | Killed Edmund
  4634 | D:5      | Found a staircase to the Ecumenical Temple.
  4646 | D:5      | Noticed a small abomination
  4652 | D:5      | Found a transporter.
  4652 | D:5      | Noticed spaghetti's ghost (weakling NaDe)
  4767 | Temple   | Entered the Ecumenical Temple
  5152 | D:5      | Reached skill level 7 in Fighting
  5757 | D:5      | Slain by an unseen horror

Vanquished Creatures
  Edmund (D:4)
  An ogre (D:5)
  2 kobold brigands (D:4)
  A gnoll sergeant (D:5)
  A centaur zombie (D:5)
  3 hounds (D:4)
  A jelly (D:4)
  2 orc priests (D:4)
  Crazy Yiuf (D:3)
  A centaur skeleton (D:4)
  2 orc wizards (D:4)
  Robin (D:3)
  7 gnolls
  4 adders
  3 worms
  2 dart slugs (D:3)
  15 orcs
  7 ball pythons
  6 endoplasms
  2 giant cockroaches
  17 goblins
  8 hobgoblins
  6 jackals
  A quokka (D:4)
  2 bats
  7 frilled lizards
  15 kobolds
  9 rats
128 creatures vanquished.

Vanquished Creatures (others)
  A demonic plant (D:1)
  A fungus (D:1)
  A plant (D:1)
  3 withered plants (D:1)
6 creatures vanquished.

Grand Total: 134 creatures vanquished

Table legend: (Time is in decaauts)
 A = Elapsed time spent in this place.
 B = Non-inter-level travel time spent in this place.
 C = Inter-level travel time spent in this place.
 D = Time resting spent in this place.
 E = Time spent auto-exploring this place.
 F = Levels seen in this place.
 G = Mean time per level.
                   A        B        C        D        E       F      G
               +--------+--------+--------+--------+--------+-----+--------+
         Total |   5852 |   5680 |    172 |    492 |   4040 |   6 |  975.3 |
       Dungeon |   5638 |   5483 |    155 |    492 |   3860 |   5 | 1127.6 |
        Temple |    214 |    197 |     17 |      0 |    180 |   1 |  214.0 |
               +--------+--------+--------+--------+--------+-----+--------+

Top non-repeatable levels by time:
     D:4: 1659 daAuts
     D:3: 1311 daAuts
     D:2: 1274 daAuts
     D:5: 807 daAuts
     D:1: 585 daAuts
  Temple: 214 daAuts

Table legend:
 A = Non-vault XP
 B = Vault XP
 C = Vault XP percentage of total XP
 D = Non-vault monster count
 E = Vault monster count
 F = Vault count percentage of total count
                 A         B        C        D         E       F
            +---------+---------+-------+---------+---------+-------
      Total |     924 |     442 |  32.4 |     100 |      28 |  21.9
            +---------+---------+-------+---------+---------+-------
        D:1 |      50 |       0 |   0.0 |      23 |       0 |   0.0
        D:2 |      48 |       5 |   9.4 |      21 |       3 |  12.5
        D:3 |      74 |      75 |  50.3 |      23 |      12 |  34.3
        D:4 |     446 |     362 |  44.8 |      26 |      13 |  33.3
        D:5 |     306 |       0 |   0.0 |       7 |       0 |   0.0
            +---------+---------+-------+---------+---------+-------
